Wolves vs Barons

Created - Tuesday, October 21, 2014 at 21:02

Goals
1 2 3 T
Wolves 1 0 0 1
Barons 0 1 2 3
Shots
1 2 3 T
Wolves 10 8 10 28
Barons 4 4 8 16

1st period

1. Wolves , Yannick Weber 5 (Landon Ferraro, Aaron Volpatti) at 2:31

Penalties :
Shawn Thornton (OKC) for Hooking (Minor) at 10:18

2nd period

2. Barons , Devin Setoguchi 3 (Torrey Mitchell) at 6:25 (PP)

Penalties :
Brad Winchester (OKC) for High sticking (Minor) at 0:58, Jared Boll (CHI) for Hooking (Minor) at 5:26, Shawn Thornton (OKC) for Fighting (Major) at 6:58, Aaron Volpatti (CHI) for Fighting (Major) at 6:58, Shawn Thornton (OKC) for instigated a fight (Minor) at 6:58, Shawn Thornton (OKC) for instigated a fight (10 Minutes Misconduct) at 6:58, Jared Boll (CHI) for Slashing (Minor) at 17:53

3rd period

3. Barons , Devin Setoguchi 4 (Kris Newbury, Chris Porter) at 12:58
4. Barons , Andy Miele 2 (Teemu Pulkkinen, Brad Winchester) at 16:41 (PP)

Penalties :
Corbin McPherson (CHI) for Hooking (Minor) at 16:01, Ryan Parent (OKC) for Tripping (Minor) at 19:58

Goalie Stats

Peter Mannino (CHI), 13 saves from 16 shots - (0.813), L, 7-1-1, 60:00 minutes
Ray Emery (OKC), 27 saves from 28 shots - (0.964), W, 6-1-0, 60:00 minutes

Players Stats for Wolves

Player Name              G  A  P  +/- PIM S  H  SB GA TA FO     MP     PP MP  PK MP  
------------------------------------------------------------------------------------
Aaron Volpatti           0  1  1   0  5   3  2  0  1  0  0/0    14:46   1:49   0:00 
Ben Hanowski             0  0  0   0  0   1  1  0  0  0  0/1     9:09   0:00   0:20 
Cedric Paquette          0  0  0   0  0   1  0  0  1  0  9/16   18:24   3:07   0:30 
Chris Terry              0  0  0   0  0   1  0  0  0  1  0/4    22:55   2:50   2:42 
Christian Hanson         0  0  0   0  0   0  0  0  0  0  0/0     0:00   0:00   0:00 
Corbin McPherson         0  0  0   1  2   0  4  2  1  3  0/0    19:54   1:53   1:25 
Dane Byers               0  0  0   0  0   0  3  0  1  0  0/0     8:23   0:00   0:00 
Jared Boll               0  0  0   0  4   1  0  0  2  0  0/1    17:52   3:07   0:00 
Jordan Schroeder         0  0  0   0  0   2  0  0  1  0  8/14   16:25   2:50   0:00 
Kent Huskins             0  0  0  -1  0   0  0  3  0  0  0/0    24:13   4:04   2:13 
Landon Ferraro           0  1  1   0  0   0  2  0  0  1  3/5    17:39   0:00   0:48 
Mark Pysyk               0  0  0  -1  0   3  2  5  0  5  0/0    24:13   4:04   2:13 
Michael Caruso           0  0  0   0  0   0  0  0  0  1  0/0    15:51   0:00   0:00 
Nicklas Jensen           0  0  0   0  0   2  1  0  1  0  0/0    20:24   3:07   2:30 
Scott Glennie            0  0  0   0  0   4  0  0  2  1  0/2    16:24   1:01   0:00 
Stephane Da Costa        0  0  0   0  0   5  0  0  1  1  0/0    13:55   0:00   0:26 
Yann Sauve               0  0  0   0  0   1  0  2  0  0  0/0    15:51   0:00   0:00 
Yannick Weber            1  0  1   1  0   4  2  2  3  3  0/0    19:55   1:53   1:25 

Players Stats for Barons

Player Name              G  A  P  +/- PIM S  H  SB GA TA FO     MP     PP MP  PK MP  
------------------------------------------------------------------------------------
Andy Miele               1  0  1   0  0   1  2  0  2  0  7/10   15:43   1:48   0:00 
Brad Winchester          0  1  1   0  2   0  5  0  0  1  0/0    19:17   1:26   0:10 
Brayden McNabb           0  0  0   0  0   1  1  2  1  1  0/0     9:41   0:00   1:49 
Chris Porter             0  1  1   0  0   2  2  0  1  0  4/7    11:59   0:44   0:00 
Chuck Kobasew            0  0  0   0  0   0  2  1  2  1  0/0    16:58   0:04   0:00 
David Kolomatis          0  0  0   0  0   1  1  0  0  0  0/0    20:22   1:16   1:34 
Devin Setoguchi          2  0  2   0  0   4  2  1  4  1  2/4    22:19   1:46   3:09 
John Negrin              0  0  0   0  0   0  1  0  0  0  0/0    12:00   1:21   0:00 
Kris Newbury             0  1  1   0  0   0  1  0  0  1  0/0     8:47   0:00   0:00 
Nick Shore               0  0  0   0  0   0  0  0  0  0  0/0     0:00   0:00   0:00 
Ryan Parent              0  0  0   0  2   1  1  2  0  0  0/0    26:07   1:35   1:59 
Ryan Spooner             0  0  0   0  0   1  0  1  4  0  5/11   16:27   0:00   1:22 
Ryan Stanton             0  0  0   0  0   0  2  2  0  1  0/0    26:57   2:05   2:09 
Shawn Thornton           0  0  0   0  19  0  1  0  0  0  0/0    12:23   0:00   0:00 
Steve Bernier            0  0  0   0  0   2  2  0  3  0  0/3    15:21   1:50   1:26 
Teemu Pulkkinen          0  1  1   0  0   3  3  0  3  1  0/0    17:09   1:48   1:26 
Tommy Cross              0  0  0   0  0   0  1  0  0  0  0/0    23:43   0:59   4:23 
Torrey Mitchell          0  1  1   0  0   0  1  1  0  0  5/8    18:41   1:28   4:21 

3 Stars

1 - Devin Setoguchi (OKC)
2 - Ray Emery (OKC)
3 - Yannick Weber (CHI)

Power Play

Wolves - 0 on 4 Attempt(s) - 0.00%
Barons - 2 on 3 Attempt(s) - 66.67%

Penalty Kill

Wolves - 1 on 3 Attempt(s) - 33.33% - Score 0 goal in Penalty Kill
Barons - 4 on 4 Attempt(s) - 100.00% - Score 0 goal in Penalty Kill

Official

Referees : Unknown
Linesman : Unknown

Game Notes

Brayden McNabb is injured at 1:08 of 2nd period (Groin)
Shawn Thornton and Aaron Volpatti fight to a draw at 6:58 of 2nd period

Finance

Level 1 -- Attendance: 1532 (76.60%) -- Ticket Income $53,620
Level 2 -- Attendance: 735 (73.50%) -- Ticket Income $11,025
Total Attendance: 2267 (75.57%)
Total Ticket Income: $64,645
Other Income: $31,676
Total Income: $96,321

Wolves

5 vs 5 Forward 
   Center                   Left Wing                Right Wing               Time % Phy DF OF 
 1 Jordan Schroeder         Chris Terry              Stephane Da Costa        35     1   2  2  
 2 Cedric Paquette          Nicklas Jensen           Jared Boll               30     1   2  2  
 3 Landon Ferraro           Aaron Volpatti           Scott Glennie            22     1   2  2  
 4 Chris Terry              Dane Byers               Ben Hanowski             13     1   2  2  

5 vs 5 Defense 
   Defense                  Defense                                           Time % Phy DF OF 
 1 Mark Pysyk               Kent Huskins                                      35     1   2  2  
 2 Yannick Weber            Corbin McPherson                                  30     1   2  2  
 3 Yann Sauve               Michael Caruso                                    22     1   2  2  
 4 Mark Pysyk               Kent Huskins                                      13     1   2  2  

PowerPlay Forward 
   Center                   Left Wing                Right Wing               Time % Phy DF OF 
 1 Jordan Schroeder         Chris Terry              Aaron Volpatti           60     1   2  2  
 2 Cedric Paquette          Nicklas Jensen           Jared Boll               40     1   2  2  

PowerPlay Defense
   Defense                  Defense                                           Time % Phy DF OF 
 1 Mark Pysyk               Kent Huskins                                      60     1   2  2  
 2 Yannick Weber            Corbin McPherson                                  40     1   2  2  

Penalty Kill 4 Players Forward 
   Center                   Wing                     Time % Phy DF OF 
 1 Chris Terry              Nicklas Jensen           60     1   2  2  
 2 Jared Boll               Jordan Schroeder         40     1   2  2  

Penalty Kill 4 Players Defense
   Defense                  Defense                  Time % Phy DF OF 
 1 Mark Pysyk               Kent Huskins             60     1   2  2  
 2 Yannick Weber            Corbin McPherson         40     1   2  2  

Penalty Kill - 3 Players Forward 
   Forward                                           Time % Phy DF OF 
 1 Chris Terry                                       60     1   2  2  
 2 Jared Boll                                        40     1   2  2  

Penalty Kill - 3 Players Defense
   Defense                  Defense                  Time % Phy DF OF 
 1 Mark Pysyk               Kent Huskins             60     1   2  2  
 2 Yannick Weber            Corbin McPherson         40     1   2  2  

4 vs 4 Forward 
   Center                   Wing                     Time % Phy DF OF 
 1 Chris Terry              Scott Glennie            60     1   2  2  
 2 Jared Boll               Jordan Schroeder         40     1   2  2  

4 vs 4 Defense
   Defense                  Defense                  Time % Phy DF OF 
 1 Mark Pysyk               Kent Huskins             60     1   2  2  
 2 Yannick Weber            Corbin McPherson         40     1   2  2  

Last Minutes Offensive
   Center                   Left Wing                Right Wing               Defense                  Defense                  
   Jordan Schroeder         Chris Terry              Jared Boll               Mark Pysyk               Kent Huskins             

Last Minutes Defensive
   Center                   Left Wing                Right Wing               Defense                  Defense                  
   Jordan Schroeder         Chris Terry              Jared Boll               Mark Pysyk               Kent Huskins             

Goaltenders
Starting : Peter Mannino            
Backup : Scott Wedgewood          

Extra Forwards
Normal : Aaron Volpatti, Scott Glennie, Landon Ferraro - PP : Aaron Volpatti, Scott Glennie - PK : Landon Ferraro
Extra Defensemen
Normal : Yann Sauve, Michael Caruso, Yannick Weber - PP : Yann Sauve - PK : Michael Caruso, Yannick Weber
Penalty Shots
Chris Terry, Landon Ferraro, Jared Boll, Jordan Schroeder, Nicklas Jensen

Barons

5 vs 5 Forward 
   Center                   Left Wing                Right Wing               Time % Phy DF OF 
 1 Torrey Mitchell          Steve Bernier            Devin Setoguchi          35     1   2  2  
 2 Andy Miele               Teemu Pulkkinen          Brad Winchester          30     1   2  2  
 3 Ryan Spooner             Chuck Kobasew            Shawn Thornton           22     1   2  2  
 4 Chris Porter             Kris Newbury             Devin Setoguchi          13     1   2  2  

5 vs 5 Defense 
   Defense                  Defense                                           Time % Phy DF OF 
 1 Ryan Parent              Brayden McNabb                                    35     1   2  2  
 2 Ryan Stanton             David Kolomatis                                   30     1   2  2  
 3 Tommy Cross              Ryan Parent                                       22     1   2  2  
 4 Ryan Stanton             Brayden McNabb                                    13     1   2  2  

PowerPlay Forward 
   Center                   Left Wing                Right Wing               Time % Phy DF OF 
 1 Torrey Mitchell          Steve Bernier            Devin Setoguchi          60     1   2  2  
 2 Andy Miele               Teemu Pulkkinen          Brad Winchester          40     1   2  2  

PowerPlay Defense
   Defense                  Defense                                           Time % Phy DF OF 
 1 Ryan Parent              Brayden McNabb                                    60     1   2  2  
 2 Ryan Stanton             David Kolomatis                                   40     1   2  2  

Penalty Kill 4 Players Forward 
   Center                   Wing                     Time % Phy DF OF 
 1 Devin Setoguchi          Torrey Mitchell          60     1   2  2  
 2 Steve Bernier            Teemu Pulkkinen          40     1   2  2  

Penalty Kill 4 Players Defense
   Defense                  Defense                  Time % Phy DF OF 
 1 Tommy Cross              Brayden McNabb           60     1   2  2  
 2 Ryan Stanton             David Kolomatis          40     1   2  2  

Penalty Kill - 3 Players Forward 
   Forward                                           Time % Phy DF OF 
 1 Devin Setoguchi                                   60     1   2  2  
 2 Torrey Mitchell                                   40     1   2  2  

Penalty Kill - 3 Players Defense
   Defense                  Defense                  Time % Phy DF OF 
 1 Tommy Cross              Brayden McNabb           60     1   2  2  
 2 Ryan Stanton             David Kolomatis          40     1   2  2  

4 vs 4 Forward 
   Center                   Wing                     Time % Phy DF OF 
 1 Devin Setoguchi          Torrey Mitchell          60     1   2  2  
 2 Steve Bernier            Teemu Pulkkinen          40     1   2  2  

4 vs 4 Defense
   Defense                  Defense                  Time % Phy DF OF 
 1 Ryan Parent              Brayden McNabb           60     1   2  2  
 2 Ryan Stanton             David Kolomatis          40     1   2  2  

Last Minutes Offensive
   Center                   Left Wing                Right Wing               Defense                  Defense                  
   Torrey Mitchell          Steve Bernier            Devin Setoguchi          Ryan Stanton             Brayden McNabb           

Last Minutes Defensive
   Center                   Left Wing                Right Wing               Defense                  Defense                  
   Torrey Mitchell          Steve Bernier            Devin Setoguchi          Ryan Stanton             Brayden McNabb           

Goaltenders
Starting : Ray Emery                
Backup : Josh Robinson            

Extra Forwards
Normal : Chuck Kobasew, Shawn Thornton, Ryan Spooner - PP : Chuck Kobasew, Shawn Thornton - PK : Ryan Spooner
Extra Defensemen
Normal : Tommy Cross, Ryan Parent, Ryan Stanton - PP : Tommy Cross - PK : Ryan Parent, Ryan Stanton
Penalty Shots
Devin Setoguchi, Torrey Mitchell, Steve Bernier, Teemu Pulkkinen, Brad Winchester

% Time on Ice - Wolves

Lines # - Real PCT - Wanted PCT - Time Play
Normal Forward
1 - 27% - 35% - 13:35
2 - 29% - 30% - 14:47
3 - 27% - 22% - 13:39
4 - 17% - 13% - 8:23
Normal Defense
1 - 29% - 35% - 14:51
2 - 33% - 30% - 16:37
3 - 31% - 22% - 15:51
4 - 6% - 13% - 3:05
PP Forward
1 - 47% - 60% - 2:50
2 - 53% - 40% - 3:08
PP Defense
1 - 68% - 60% - 4:04
2 - 32% - 40% - 1:54
PK Forward
1 - 100% - 60% - 3:38
2 - 0% - 40% - 0:00
PK Defense
1 - 61% - 60% - 2:13
2 - 39% - 40% - 1:25
PK3 Forward
1 - 0% - 60%
2 - 0% - 40%
PK3 Defense
1 - 0% - 60%
2 - 0% - 40%
44 Forward
1 - 0% - 60%
2 - 0% - 40%
44 Defense
1 - 0% - 60%
2 - 0% - 40%
Last Minute Offensive  - 0:00
Last Minute Defensive  - 0:00
Total
Forward - 60:00
Defense - 60:00

% Time on Ice - Barons

Lines # - Real PCT - Wanted PCT - Time Play
Normal Forward
1 - 25% - 35% - 12:31
2 - 28% - 30% - 13:55
3 - 30% - 22% - 15:11
4 - 17% - 13% - 8:47
Normal Defense
1 - 43% - 35% - 21:33
2 - 24% - 30% - 11:51
3 - 12% - 22% - 6:04
4 - 22% - 13% - 10:56
PP Forward
1 - 50% - 60% - 1:50
2 - 50% - 40% - 1:48
PP Defense
1 - 90% - 60% - 3:16
2 - 10% - 40% - 0:22
PK Forward
1 - 76% - 60% - 4:32
2 - 24% - 40% - 1:26
PK Defense
1 - 74% - 60% - 4:24
2 - 26% - 40% - 1:34
PK3 Forward
1 - 0% - 60%
2 - 0% - 40%
PK3 Defense
1 - 0% - 60%
2 - 0% - 40%
44 Forward
1 - 0% - 60%
2 - 0% - 40%
44 Defense
1 - 0% - 60%
2 - 0% - 40%
Last Minute Offensive  - 0:00
Last Minute Defensive  - 0:00
Total
Forward - 60:00
Defense - 60:00

Play by Play

1st period


0:01 of 1st period - Jordan Schroeder wins face-off versus Torrey Mitchell in neutral zone.
0:18 of 1st period - Slapshot by Stephane Da Costa.
0:18 of 1st period - Stopped by Ray Emery with a rebound.
0:20 of 1st period - Snap shot by Chris Terry.
0:20 of 1st period - Deflect By Stephane Da Costa.
0:20 of 1st period - Stopped by Ray Emery with a rebound.
0:22 of 1st period - Slapshot by Jordan Schroeder.
0:22 of 1st period - Shot Blocked by Torrey Mitchell.
0:24 of 1st period - Snap shot by Stephane Da Costa.
0:24 of 1st period - Stopped by Ray Emery with a rebound.
1:14 of 1st period - Ryan Stanton is hit by Mark Pysyk and loses puck.
1:18 of 1st period - Icing by David Kolomatis.
1:19 of 1st period - Landon Ferraro wins face-off versus Andy Miele in Barons zone.
1:22 of 1st period - Slapshot by Yannick Weber.
1:22 of 1st period - Deflect By Aaron Volpatti.
1:22 of 1st period - Stopped by Ray Emery with a rebound.
1:28 of 1st period - Snap shot by Teemu Pulkkinen.
1:28 of 1st period - Shot Misses the Net.
1:37 of 1st period - Off-side.
1:38 of 1st period - Landon Ferraro wins face-off versus Ryan Spooner in neutral zone.
1:41 of 1st period - Slapshot by Yannick Weber.
1:41 of 1st period - Shot Misses the Net.
1:43 of 1st period - Snap shot by Scott Glennie.
1:43 of 1st period - Shot Blocked by Ryan Stanton.
1:45 of 1st period - Snap shot by Scott Glennie.
1:45 of 1st period - Stopped by Ray Emery without a rebound.
1:46 of 1st period - Ryan Spooner wins face-off versus Ben Hanowski in Barons zone.
2:21 of 1st period - Slapshot by Chris Terry.
2:21 of 1st period - Deflect By Ben Hanowski.
2:21 of 1st period - Shot Misses the Net.
2:21 of 1st period - Puck is out of play.
2:22 of 1st period - Landon Ferraro wins face-off versus Chris Porter in Barons zone.
2:23 of 1st period - Wrist shot by Yannick Weber.
2:23 of 1st period - Shot Misses the Net.
2:25 of 1st period - Snap shot by Scott Glennie.
2:25 of 1st period - Shot Misses the Net.
2:27 of 1st period - Snap shot by Aaron Volpatti.
2:27 of 1st period - Shot Blocked by Ryan Parent.
2:29 of 1st period - Slapshot by Landon Ferraro.
2:29 of 1st period - Shot Hit the Post.
2:31 of 1st period - Wrist shot by Yannick Weber.
2:31 of 1st period - Goal by Yannick Weber - Wolves : 1 - Barons : 0.
2:32 of 1st period - Jordan Schroeder wins face-off versus Chris Porter in neutral zone.
2:41 of 1st period - Snap shot by Chris Porter.
2:41 of 1st period - Shot Misses the Net.
2:43 of 1st period - Slapshot by David Kolomatis.
2:43 of 1st period - Shot Misses the Net.
3:04 of 1st period - Snap shot by Chris Porter.
3:04 of 1st period - Stopped by Peter Mannino with a rebound.
3:06 of 1st period - Slapshot by Kris Newbury.
3:06 of 1st period - Deflect By Kent Huskins.
3:06 of 1st period - Shot Misses the Net.
3:06 of 1st period - Puck is out of play.
3:07 of 1st period - Andy Miele wins face-off versus Cedric Paquette in Wolves zone.
3:59 of 1st period - Shawn Thornton is hit by Corbin McPherson and loses puck.
4:18 of 1st period - Shawn Thornton is hit by Yannick Weber and loses puck.
4:48 of 1st period - Icing by Michael Caruso.
4:49 of 1st period - Devin Setoguchi wins face-off versus Jordan Schroeder in Wolves zone.
5:22 of 1st period - Snap shot by Jordan Schroeder.
5:22 of 1st period - Deflect By Stephane Da Costa.
5:22 of 1st period - Stopped by Ray Emery with a rebound.
5:24 of 1st period - Slapshot by Yann Sauve.
5:24 of 1st period - Deflect By Chris Terry.
5:24 of 1st period - Shot Misses the Net.
5:24 of 1st period - Puck is out of play.
5:25 of 1st period - Andy Miele wins face-off versus Cedric Paquette in Barons zone.
5:38 of 1st period - Snap shot by Nicklas Jensen.
5:38 of 1st period - Shot Blocked by Brayden McNabb.
5:56 of 1st period - Wrist shot by Teemu Pulkkinen.
5:56 of 1st period - Shot Misses the Net.
6:22 of 1st period - Ryan Spooner is hit by Ben Hanowski and loses puck.
7:01 of 1st period - Landon Ferraro is hit by Chris Porter and loses puck.
7:28 of 1st period - Wrist shot by Devin Setoguchi.
7:28 of 1st period - Stopped by Peter Mannino with a rebound.
7:30 of 1st period - Snap shot by Kris Newbury.
7:30 of 1st period - Shot Misses the Net.
7:48 of 1st period - Corbin McPherson is hit by Ryan Parent and loses puck.
7:59 of 1st period - Steve Bernier is hit by Yannick Weber and loses puck.
8:16 of 1st period - Mark Pysyk is hit by Steve Bernier and loses puck.
9:01 of 1st period - Wrist shot by Brad Winchester.
9:01 of 1st period - Shot Misses the Net.
9:03 of 1st period - Snap shot by Teemu Pulkkinen.
9:03 of 1st period - Deflect By Ben Hanowski.
9:03 of 1st period - Stopped by Peter Mannino with a rebound.
9:05 of 1st period - Slapshot by Brayden McNabb.
9:05 of 1st period - Stopped by Peter Mannino with a rebound.
9:26 of 1st period - Aaron Volpatti is hit by Teemu Pulkkinen and loses puck.
9:41 of 1st period - Wrist shot by Ryan Spooner.
9:41 of 1st period - Shot Blocked by Yannick Weber.
10:18 of 1st period - Minor Penalty to Shawn Thornton for Hooking.
10:19 of 1st period - Cedric Paquette wins face-off versus Ryan Spooner in Barons zone.
10:35 of 1st period - Wrist shot by Mark Pysyk.
10:35 of 1st period - Deflect By Nicklas Jensen.
10:35 of 1st period - Stopped by Ray Emery with a rebound.
10:45 of 1st period - Wrist shot by Nicklas Jensen.
10:45 of 1st period - Stopped by Ray Emery with a rebound.
10:47 of 1st period - Slapshot by Kent Huskins.
10:47 of 1st period - Shot Misses the Net.
11:47 of 1st period - Brayden McNabb is hit by Mark Pysyk and loses puck.
11:58 of 1st period - Aaron Volpatti is hit by Teemu Pulkkinen.
12:16 of 1st period - Corbin McPherson is hit by Brad Winchester.
12:18 of 1st period - Penalty to Shawn Thornton is over, Shawn Thornton is back on ice.
12:20 of 1st period - Corbin McPherson is hit by David Kolomatis and loses puck.
14:18 of 1st period - Snap shot by Ben Hanowski.
14:18 of 1st period - Shot Misses the Net.
14:36 of 1st period - Jared Boll is hit by Shawn Thornton.
15:04 of 1st period - Landon Ferraro is hit by Brayden McNabb and loses puck.
15:30 of 1st period - Snap shot by Brad Winchester.
15:30 of 1st period - Deflect By Andy Miele.
15:30 of 1st period - Shot Misses the Net.
15:30 of 1st period - Puck is out of play.
15:31 of 1st period - Andy Miele wins face-off versus Cedric Paquette in Wolves zone.
16:21 of 1st period - Ryan Spooner is hit by Dane Byers and loses puck.
16:42 of 1st period - Slapshot by Jordan Schroeder.
16:42 of 1st period - Stopped by Ray Emery with a rebound.
17:16 of 1st period - Michael Caruso is hit by Kris Newbury and loses puck.
19:02 of 1st period - Slapshot by Steve Bernier.
19:02 of 1st period - Shot Misses the Net.
19:22 of 1st period - Wrist shot by Devin Setoguchi.
19:22 of 1st period - Shot Misses the Net.
19:24 of 1st period - Backhand shot by Chris Porter.
19:24 of 1st period - Deflect By Devin Setoguchi.
19:24 of 1st period - Shot Misses the Net.
19:24 of 1st period - Puck is out of play.
19:25 of 1st period - Cedric Paquette wins face-off versus Chris Porter in Wolves zone.
19:49 of 1st period - Chuck Kobasew is hit by Aaron Volpatti and loses puck.
Goals for this period are 1 for Wolves vs 0 for Barons.
Shots for this period are 10 for Wolves vs 4 for Barons.

2nd period


0:01 of 2nd period - Torrey Mitchell wins face-off versus Jordan Schroeder in neutral zone.
0:12 of 2nd period - Slapshot by Mark Pysyk.
0:12 of 2nd period - Stopped by Ray Emery with a rebound.
0:14 of 2nd period - Wrist shot by Chris Terry.
0:14 of 2nd period - Shot Misses the Net.
0:16 of 2nd period - Slapshot by Mark Pysyk.
0:16 of 2nd period - Stopped by Ray Emery with a rebound.
0:50 of 2nd period - Kent Huskins is hit by Andy Miele and loses puck.
0:58 of 2nd period - Minor Penalty to Brad Winchester for High sticking.
0:59 of 2nd period - Cedric Paquette wins face-off versus Torrey Mitchell in Barons zone.
1:06 of 2nd period - Snap shot by Nicklas Jensen.
1:06 of 2nd period - Shot Blocked by Devin Setoguchi.
1:08 of 2nd period - Snap shot by Yannick Weber.
1:08 of 2nd period - Shot Blocked by Brayden McNabb.
1:08 of 2nd period - Brayden McNabb from Barons is injured at 1:08 of 2nd period (Groin).
1:09 of 2nd period - Torrey Mitchell wins face-off versus Jordan Schroeder in Barons zone.
1:50 of 2nd period - Ryan Parent is hit by Aaron Volpatti.
2:34 of 2nd period - Snap shot by Teemu Pulkkinen.
2:34 of 2nd period - Stopped by Peter Mannino with a rebound.
2:42 of 2nd period - Wrist shot by Teemu Pulkkinen.
2:42 of 2nd period - Deflect By Steve Bernier.
2:42 of 2nd period - Shot Blocked by Kent Huskins.
2:42 of 2nd period - Puck is out of play.
2:43 of 2nd period - Jordan Schroeder wins face-off versus Devin Setoguchi in Wolves zone.
2:58 of 2nd period - Penalty to Brad Winchester is over, Brad Winchester is back on ice.
2:58 of 2nd period - Wrist shot by Jordan Schroeder.
2:58 of 2nd period - Shot Misses the Net.
3:15 of 2nd period - Landon Ferraro is hit by Tommy Cross.
4:06 of 2nd period - Yannick Weber is hit by Brad Winchester.
5:26 of 2nd period - Minor Penalty to Jared Boll for Hooking.
5:27 of 2nd period - Torrey Mitchell wins face-off versus Chris Terry in Wolves zone.
6:07 of 2nd period - Snap shot by Teemu Pulkkinen.
6:07 of 2nd period - Stopped by Peter Mannino with a rebound.
6:25 of 2nd period - Slapshot by Devin Setoguchi.
6:25 of 2nd period - Deflect By Mark Pysyk.
6:25 of 2nd period - Goal by Devin Setoguchi - Wolves : 1 - Barons : 1.
6:26 of 2nd period - Ryan Spooner wins face-off versus Scott Glennie in neutral zone.
6:45 of 2nd period - Slapshot by Ryan Spooner.
6:45 of 2nd period - Shot Blocked by Yann Sauve.
6:58 of 2nd period - Shawn Thornton and Aaron Volpatti fight to a draw.
6:58 of 2nd period - Penalty to Shawn Thornton for Fighting.
6:58 of 2nd period - Penalty to Aaron Volpatti for Fighting.
6:58 of 2nd period - Penalty to Shawn Thornton for instigated a fight.
6:58 of 2nd period - Penalty to Shawn Thornton for instigated a fight.
6:59 of 2nd period - Devin Setoguchi wins face-off versus Jordan Schroeder in neutral zone.
7:08 of 2nd period - Slapshot by Mark Pysyk.
7:08 of 2nd period - Stopped by Ray Emery with a rebound.
8:17 of 2nd period - Slapshot by Jordan Schroeder.
8:17 of 2nd period - Shot Misses the Net.
8:19 of 2nd period - Slapshot by Scott Glennie.
8:19 of 2nd period - Stopped by Ray Emery with a rebound.
8:23 of 2nd period - Slapshot by Yannick Weber.
8:23 of 2nd period - Stopped by Ray Emery without a rebound.
8:24 of 2nd period - Jordan Schroeder wins face-off versus Steve Bernier in Barons zone.
8:25 of 2nd period - Snap shot by Yannick Weber.
8:25 of 2nd period - Deflect By Chris Terry.
8:25 of 2nd period - Shot Misses the Net.
8:25 of 2nd period - Puck is out of play.
8:26 of 2nd period - Jordan Schroeder wins face-off versus Steve Bernier in Barons zone.
8:38 of 2nd period - Icing by Yannick Weber.
8:39 of 2nd period - Cedric Paquette wins face-off versus Steve Bernier in Wolves zone.
8:39 of 2nd period - Cedric Paquette is hit by Steve Bernier.
8:47 of 2nd period - Teemu Pulkkinen is hit by Nicklas Jensen and loses puck.
8:58 of 2nd period - Penalty to Shawn Thornton is over, Ryan Spooner is send on ice.
9:18 of 2nd period - Icing by Landon Ferraro.
9:19 of 2nd period - Andy Miele wins face-off versus Landon Ferraro in Wolves zone.
9:49 of 2nd period - Scott Glennie is hit by Teemu Pulkkinen and loses puck.
10:29 of 2nd period - Icing by Nicklas Jensen.
10:30 of 2nd period - Chris Porter wins face-off versus Cedric Paquette in Wolves zone.
10:33 of 2nd period - Wrist shot by Devin Setoguchi.
10:33 of 2nd period - Shot Misses the Net.
10:35 of 2nd period - Snap shot by Kris Newbury.
10:35 of 2nd period - Deflect By Chris Porter.
10:35 of 2nd period - Shot Blocked by Yann Sauve.
10:35 of 2nd period - Puck is out of play.
10:36 of 2nd period - Chris Porter wins face-off versus Cedric Paquette in Wolves zone.
10:53 of 2nd period - Wrist shot by Devin Setoguchi.
10:53 of 2nd period - Shot Blocked by Mark Pysyk.
10:55 of 2nd period - Slapshot by Ryan Parent.
10:55 of 2nd period - Shot Misses the Net.
11:25 of 2nd period - Snap shot by Chuck Kobasew.
11:25 of 2nd period - Shot Blocked by Kent Huskins.
11:27 of 2nd period - Slapshot by Ryan Spooner.
11:27 of 2nd period - Shot Misses the Net.
11:29 of 2nd period - Slapshot by Tommy Cross.
11:29 of 2nd period - Deflect By Ryan Spooner.
11:29 of 2nd period - Stopped by Peter Mannino without a rebound.
11:30 of 2nd period - Jordan Schroeder wins face-off versus Torrey Mitchell in Wolves zone.
11:35 of 2nd period - Chris Terry is hit by Devin Setoguchi and loses puck.
12:04 of 2nd period - Corbin McPherson is hit by Brad Winchester and loses puck.
12:22 of 2nd period - Wrist shot by Scott Glennie.
12:22 of 2nd period - Stopped by Ray Emery with a rebound.
12:24 of 2nd period - Snap shot by Aaron Volpatti.
12:24 of 2nd period - Stopped by Ray Emery with a rebound.
14:13 of 2nd period - Teemu Pulkkinen is hit by Landon Ferraro and loses puck.
14:36 of 2nd period - Slapshot by Yannick Weber.
14:36 of 2nd period - Stopped by Ray Emery without a rebound.
14:37 of 2nd period - Cedric Paquette wins face-off versus Ryan Spooner in Barons zone.
14:38 of 2nd period - Snap shot by Nicklas Jensen.
14:38 of 2nd period - Shot Blocked by Ryan Spooner.
15:22 of 2nd period - Torrey Mitchell is hit by Corbin McPherson and loses puck.
16:12 of 2nd period - Landon Ferraro is hit by Torrey Mitchell and loses puck.
17:53 of 2nd period - Minor Penalty to Jared Boll for Slashing.
17:54 of 2nd period - Andy Miele wins face-off versus Chris Terry in Wolves zone.
18:28 of 2nd period - Chris Terry is hit by Devin Setoguchi and loses puck.
19:15 of 2nd period - Wrist shot by Steve Bernier.
19:15 of 2nd period - Shot Blocked by Kent Huskins.
19:17 of 2nd period - Snap shot by Devin Setoguchi.
19:17 of 2nd period - Shot Blocked by Mark Pysyk.
19:21 of 2nd period - Snap shot by Steve Bernier.
19:21 of 2nd period - Shot Misses the Net.
19:53 of 2nd period - Penalty to Jared Boll is over, Jared Boll is back on ice.
Goals for this period are 0 for Wolves vs 1 for Barons.
Shots for this period are 8 for Wolves vs 4 for Barons.

3rd period


0:01 of 3rd period - Torrey Mitchell wins face-off versus Jordan Schroeder in neutral zone.
0:04 of 3rd period - Slapshot by Steve Bernier.
0:04 of 3rd period - Stopped by Peter Mannino with a rebound.
0:06 of 3rd period - Snap shot by Torrey Mitchell.
0:06 of 3rd period - Shot Hit the Post.
0:50 of 3rd period - Chris Terry is hit by Brad Winchester and loses puck.
1:15 of 3rd period - Wrist shot by Andy Miele.
1:15 of 3rd period - Shot Misses the Net.
1:17 of 3rd period - Snap shot by Teemu Pulkkinen.
1:17 of 3rd period - Shot Blocked by Yannick Weber.
1:42 of 3rd period - Snap shot by Nicklas Jensen.
1:42 of 3rd period - Shot Blocked by Chuck Kobasew.
1:58 of 3rd period - 10 Minutes Misconduct Penalty to Shawn Thornton is over.
2:04 of 3rd period - Kris Newbury is hit by Corbin McPherson and loses puck.
2:08 of 3rd period - Icing by Kris Newbury.
2:09 of 3rd period - Chris Porter wins face-off versus Chris Terry in Barons zone.
2:09 of 3rd period - Chris Porter is hit by Dane Byers.
2:56 of 3rd period - Scott Glennie is hit by Ryan Stanton and loses puck.
4:15 of 3rd period - Snap shot by Jared Boll.
4:15 of 3rd period - Stopped by Ray Emery without a rebound.
4:16 of 3rd period - Jordan Schroeder wins face-off versus Andy Miele in Barons zone.
4:26 of 3rd period - Slapshot by Yann Sauve.
4:26 of 3rd period - Stopped by Ray Emery without a rebound.
4:27 of 3rd period - Andy Miele wins face-off versus Jordan Schroeder in Barons zone.
4:40 of 3rd period - Snap shot by Stephane Da Costa.
4:40 of 3rd period - Stopped by Ray Emery with a rebound.
4:42 of 3rd period - Wrist shot by Jordan Schroeder.
4:42 of 3rd period - Stopped by Ray Emery with a rebound.
4:44 of 3rd period - Backhand shot by Chris Terry.
4:44 of 3rd period - Stopped by Ray Emery without a rebound.
4:45 of 3rd period - Ryan Spooner wins face-off versus Jared Boll in Barons zone.
4:58 of 3rd period - Snap shot by Chuck Kobasew.
4:58 of 3rd period - Shot Blocked by Mark Pysyk.
5:00 of 3rd period - Slapshot by Ryan Parent.
5:00 of 3rd period - Stopped by Peter Mannino without a rebound.
5:01 of 3rd period - Cedric Paquette wins face-off versus Ryan Spooner in Wolves zone.
6:01 of 3rd period - Snap shot by Aaron Volpatti.
6:01 of 3rd period - Stopped by Ray Emery with a rebound.
6:03 of 3rd period - Slapshot by Yannick Weber.
6:03 of 3rd period - Deflect By Andy Miele.
6:03 of 3rd period - Stopped by Ray Emery with a rebound.
6:05 of 3rd period - Wrist shot by Landon Ferraro.
6:05 of 3rd period - Shot Blocked by Ryan Stanton.
6:21 of 3rd period - Mark Pysyk is hit by Brad Winchester and loses puck.
6:45 of 3rd period - Stephane Da Costa is hit by Ryan Stanton and loses puck.
7:08 of 3rd period - Snap shot by Devin Setoguchi.
7:08 of 3rd period - Stopped by Peter Mannino with a rebound.
8:19 of 3rd period - Tommy Cross is hit by Landon Ferraro and loses puck.
9:27 of 3rd period - Off-side.
9:28 of 3rd period - Andy Miele wins face-off versus Cedric Paquette in neutral zone.
9:31 of 3rd period - Kent Huskins is hit by Andy Miele and loses puck.
9:44 of 3rd period - Snap shot by Andy Miele.
9:44 of 3rd period - Shot Blocked by Mark Pysyk.
10:04 of 3rd period - Snap shot by Devin Setoguchi.
10:04 of 3rd period - Shot Blocked by Mark Pysyk.
10:18 of 3rd period - Ryan Stanton is hit by Dane Byers and loses puck.
10:29 of 3rd period - Yannick Weber is hit by Chuck Kobasew and loses puck.
11:22 of 3rd period - Snap shot by Chris Porter.
11:22 of 3rd period - Deflect By Jared Boll.
11:22 of 3rd period - Stopped by Peter Mannino with a rebound.
12:16 of 3rd period - Slapshot by Yannick Weber.
12:16 of 3rd period - Deflect By Ben Hanowski.
12:16 of 3rd period - Stopped by Ray Emery with a rebound.
12:18 of 3rd period - Snap shot by Chris Terry.
12:18 of 3rd period - Shot Misses the Net.
12:20 of 3rd period - Snap shot by Chris Terry.
12:20 of 3rd period - Shot Misses the Net.
12:58 of 3rd period - Backhand shot by Devin Setoguchi.
12:58 of 3rd period - Goal by Devin Setoguchi - Wolves : 1 - Barons : 2.
12:59 of 3rd period - Jordan Schroeder wins face-off versus Andy Miele in neutral zone.
13:33 of 3rd period - Backhand shot by Aaron Volpatti.
13:33 of 3rd period - Deflect By Scott Glennie.
13:33 of 3rd period - Stopped by Ray Emery with a rebound.
13:41 of 3rd period - Wrist shot by Aaron Volpatti.
13:41 of 3rd period - Shot Blocked by Ryan Parent.
13:43 of 3rd period - Wrist shot by Scott Glennie.
13:43 of 3rd period - Shot Hit the Post.
14:13 of 3rd period - Snap shot by Devin Setoguchi.
14:13 of 3rd period - Shot Misses the Net.
15:22 of 3rd period - Wrist shot by Steve Bernier.
15:22 of 3rd period - Shot Blocked by Corbin McPherson.
15:24 of 3rd period - Slapshot by Steve Bernier.
15:24 of 3rd period - Shot Misses the Net.
15:26 of 3rd period - Slapshot by Torrey Mitchell.
15:26 of 3rd period - Shot Misses the Net.
15:28 of 3rd period - Slapshot by David Kolomatis.
15:28 of 3rd period - Stopped by Peter Mannino with a rebound.
15:30 of 3rd period - Wrist shot by Steve Bernier.
15:30 of 3rd period - Stopped by Peter Mannino with a rebound.
15:32 of 3rd period - Slapshot by Ryan Stanton.
15:32 of 3rd period - Shot Blocked by Corbin McPherson.
15:47 of 3rd period - Icing by Corbin McPherson.
15:48 of 3rd period - Chris Porter wins face-off versus Scott Glennie in Wolves zone.
16:01 of 3rd period - Minor Penalty to Corbin McPherson for Hooking.
16:02 of 3rd period - Torrey Mitchell wins face-off versus Chris Terry in Wolves zone.
16:33 of 3rd period - Slapshot by Teemu Pulkkinen.
16:33 of 3rd period - Shot Misses the Net.
16:41 of 3rd period - Snap shot by Andy Miele.
16:41 of 3rd period - Goal by Andy Miele - Wolves : 1 - Barons : 3.
16:42 of 3rd period - Cedric Paquette wins face-off versus Ryan Spooner in neutral zone.
16:59 of 3rd period - Slapshot by Cedric Paquette.
16:59 of 3rd period - Deflect By Shawn Thornton.
16:59 of 3rd period - Stopped by Ray Emery without a rebound.
17:00 of 3rd period - Ryan Spooner wins face-off versus Cedric Paquette in Barons zone.
17:13 of 3rd period - Mark Pysyk is hit by Chuck Kobasew and loses puck.
17:57 of 3rd period - Wrist shot by Steve Bernier.
17:57 of 3rd period - Shot Misses the Net.
18:05 of 3rd period - Steve Bernier is hit by Corbin McPherson and loses puck.
19:14 of 3rd period - Yann Sauve is hit by Chris Porter and loses puck.
19:22 of 3rd period - Icing by Yann Sauve.
19:23 of 3rd period - Cedric Paquette wins face-off versus Ryan Spooner in Wolves zone.
19:23 of 3rd period - Cedric Paquette is hit by John Negrin.
19:37 of 3rd period - Off-side.
19:38 of 3rd period - Ryan Spooner wins face-off versus Landon Ferraro in neutral zone.
19:58 of 3rd period - Minor Penalty to Ryan Parent for Tripping.
19:59 of 3rd period - Cedric Paquette wins face-off versus Devin Setoguchi in Barons zone.
Goals for this period are 0 for Wolves vs 2 for Barons.
Shots for this period are 10 for Wolves vs 8 for Barons.


Output by the SimonT Hockey Simulator (STHS) for Eric Dolegowski -- Original Page W3C XHTML 1.0 Valid
Hockey Simulator - Hockey Simulation - Hockey Manager